 Dungeon Crawl Stone Soup version 0.29.0-4-gdea44cf6ec (webtiles) character file.

Game seed: 3509899657539901753

91 PieDemon the Stinger (level 5, -4/41 HPs)
             Began as a Meteoran Venom Mage on Aug 27, 2022.
             Was an Initiate of Ashenzari.
             Slain by a water moccasin (5 damage)
             ... on level 5 of the Dungeon.
             The game lasted 00:07:56 (480 turns).

PieDemon the Stinger (Meteoran Venom Mage)           Turns: 480, Time: 00:07:57

Health: -4/41      AC:  2    Str:  9    XL:     5   Next: 13%
Magic:  1/11       EV: 12    Int: 19    God:    Ashenzari [......]
Gold:   58         SH:  0    Dex: 14    Spells: 1/11 levels left

rFire   . . .      SeeInvis .   i - staff of cold
rCold   + . .      Faith    .   (no shield)
rNeg    . . .      Spirit   .   a - +0 robe
rPois   .          Reflect  .   (no helmet)
rElec   .          Harm     .   (no cloak)
rCorr   .          Rampage  .   (no gloves)
Will    .....                   (no boots)
Stlth   +.........              (no amulet)
HPRegen 0.13/turn               (no ring)
MPRegen 0.12/turn               (no ring)

@: brilliant, lethally poisoned (-4 -> -14), very slightly contaminated, glowing
A: sense surroundings 1, otherworldly, glowing, explore regen
a: Renounce Religion


You were on level 5 of the Dungeon.
You worshipped Ashenzari.
Ashenzari was noncommittal.
You visited 1 branch of the dungeon, and saw 5 of its levels.

You collected 58 gold pieces.

Inventory:

Hand Weapons
 c - a +0 short sword
 d - a +0 mace
 e - a +0 sling
Armour
 a - a +0 robe (worn)
 g - a +0 leather armour of positive energy
Magical Staves
 i - a staff of cold (weapon)
Scrolls
 f - a scroll of identify
Potions
 b - a potion of magic
 h - a potion of attraction


   Skills:
 + Level 2.0 Fighting
 - Level 2.4 Dodging
 - Level 1.4 Stealth
 + Level 3.6 Spellcasting
 - Level 1.2 Transmutations
 * Level 5.1 Poison Magic


You had one spell level left.
You knew the following spells:

 Your Spells              Type           Power      Damage    Failure   Level
a - Sting                 Tmut/Pois      92%        1d7       3%          1
b - Poisonous Vapours     Pois/Air       38%        N/A       8%          2
c - Mephitic Cloud        Conj/Pois/Air  15%        N/A       22%         3
d - Olgreb's Toxic Radia  Pois           34%        N/A       17%         4

Your spell library contained the following spells:

 Spells                   Type           Power      Damage    Failure   Level


Dungeon Overview and Level Annotations

Branches:
Dungeon (5/15) Zot: 2518
 Temple: D:4-7

Altars:
Ashenzari
Sif Muna
Uskayaw


Innate Abilities, Weirdness & Mutations

You passively map a small area around you.
You are easily found by Zot.
You glow in the dark.
You regain HP and MP as you explore.


Message History

Confirm with . or Enter, or press ? or * to list all spells.
Aiming: Sting (safe; 3% risk of failure)
Press: ? - help, Shift-Dir - straight line, f/p - water moccasin
Aim: a water moccasin (lightly wounded, poisoned, 57% to hit)
The sting hits the water moccasin.
The water moccasin partially resists.
The water moccasin is lightly wounded.
You feel very sick. The water moccasin bites you.
Unknown command.
Casting: Sting (safe; 3% risk of failure)
Confirm with . or Enter, or press ? or * to list all spells.
Aiming: Sting (safe; 3% risk of failure)
Press: ? - help, Shift-Dir - straight line, f/p - water moccasin
Aim: a water moccasin (lightly wounded, poisoned, 57% to hit)
You miscast Sting.
You are very lightly contaminated with residual magic.
Nothing appears to happen.
You feel sick. The water moccasin bites you!
You are more poisoned.
The water moccasin poisons you! The water moccasin bites you.
Unknown command.
Okay, then.
It was a potion of brilliance.
You feel clever all of a sudden.
You feel very sick. The water moccasin bites you.
A shadow comes into view.
Casting: Sting (safe; 3% risk of failure)
Confirm with . or Enter, or press ? or * to list all spells.
Aiming: Sting (safe; 3% risk of failure)
Press: ? - help, Shift-Dir - straight line, f/p - water moccasin
Aim: a water moccasin (moderately wounded, poisoned, 60% to hit)
You feel a surge of power!
The sting hits the water moccasin.
The water moccasin partially resists.
The water moccasin looks even sicker.
The water moccasin is heavily wounded.
* * * LOW HITPOINT WARNING * * *
You feel very sick. The water moccasin bites you!
* * * LOW HITPOINT WARNING * * *
The water moccasin bites you.
You die...

..............# *,
.............#####.
,
.......<...........
...................
....#..........##.#*
,
..W##.............#
, .#.............###
, #..l........## , ,
#...S@......# ,,
.........##.### ,
...)....#####
........# ....#≈≈##
, #...#≈≈ * #.. #≈≈
, .., .≈≈ * ,


You could see a water moccasin (very poisoned), a shadow and an iguana.

Vanquished Creatures
  A howler monkey (D:5)
  2 adders (D:4)
  2 dart slugs
  2 orcs (D:4)
  2 ball pythons (D:2)
  2 endoplasms
  A giant cockroach (D:4)
  6 hobgoblins
  2 kobolds
  A quokka (D:4)
  2 bats
  3 goblins
  A rat (D:2)
27 creatures vanquished.

Notes
Turn   | Place    | Note
-------+----------+-------------------------------------------
     0 | D:1      | PieDemon the Meteoran Venom Mage began the quest for the
                  | Orb.
     0 | D:1      | Reached XP level 1. HP: 14/14 MP: 5/5
    65 | D:1      | Reached XP level 2. HP: 22/22 MP: 4/6
    69 | D:1      | Reached skill level 4 in Poison Magic
   136 | D:2      | Reached skill level 1 in Fighting
   141 | D:2      | Reached XP level 3. HP: 17/28 MP: 3/8
   163 | D:3      | Learned a level 2 spell: Poisonous Vapours
   167 | D:3      | Learned a level 3 spell: Mephitic Cloud
   178 | D:4      | Found a shimmering blue altar of Sif Muna.
   194 | D:4      | Found a hide-covered altar of Uskayaw.
   212 | D:4      | Found a broken altar of Ashenzari.
   218 | D:4      | Became a worshipper of Ashenzari the Shackled
   290 | D:4      | Reached XP level 4. HP: 27/35 MP: 2/10
   450 | D:5      | Entered Level 5 of the Dungeon
   467 | D:5      | Reached skill level 5 in Poison Magic
   467 | D:5      | Reached XP level 5. HP: 41/41 MP: 5/11
   470 | D:5      | Noticed a water moccasin
   472 | D:5      | Learned a level 4 spell: Olgreb's Toxic Radiance
   479 | D:5      | Noticed a shadow
   480 | D:5      | HP: 1/41 [water moccasin (9)]
   480 | D:5      | Slain by a water moccasin

Illustrated notes

Levels and vault maps discovered:
D:1:      dpeg_arrival_arbitrary_b, layout_basic, basic_ecumenical_altar,
          minmay_misc_feat_tiny
D:2:      layout_loops_ring, minmay_vboxes, uniq_robin
D:3:      layout_loops_ring, nicolae_overflow_ecumenical_swirl,
          kennysheep_generic_room_7
D:4:      cheibrodos_barr_body, layout_basic, nicolae_overflow_quartered_altars,
          st_stairs_6, kennysheep_generic_room_12
D:5:      layout_cave_pools, enter_ossuary_2, st_stairs_7, small_statue_alley_b,
          nicolae_wooded_promenade, mrwooster_statue_mirror, uniq_ijyb,
          uniq_blork_the_orc

Skill      XL: |  1  2  3  4 |
---------------+-------------+-----
Poison Magic   | 4 5 |  5.1
Spellcasting   | 3 |  3.6
Fighting       | 1 2 |  2.0
Dodging        | |  2.4
Stealth        | |  1.4
Transmutations | |  1.2

Action                   |  1- 3 |  4- 6 || total
-------------------------+-------+-------++-------
Melee: Unarmed           |    11 |       ||    11
       Short sword       |    20 |     5 ||    25
 Cast: Sting             |    35 |    12 ||    47
       Poisonous Vapours |     2 |       ||     2
  Use: Scroll            |       |     1 ||     1
       Potion            |       |     1 ||     1
 Stab: Sleeping          |       |     1 ||     1
Armor: Robe              |    13 |     2 ||    15
Dodge: Dodged            |    23 |     3 ||    26
